 Dungeon Crawl Stone Soup version 0.24.1-14-gf8d2b509d9 (console) character file.

Game seed: 12212363507335027755, levelgen mode: deterministic

17074 Kagalorn the Cleaver (level 12, -5/106 HPs)
             Began as a Minotaur Wanderer on July 24, 2021.
             Was an Elder of the Shining One.
             Killed by divine providence
             ... invoked by an orc priest
              (13 damage)
             ... on level 12 of the Dungeon.
             The game lasted 00:28:47 (12921 turns).

Kagalorn the Cleaver (Minotaur Wanderer)           Turns: 12921, Time: 00:28:48

Health: -5/106     AC: 21    Str: 27    XL:     12   Next: 15%
Magic:  18/18      EV: 11    Int: 10    God:    the Shining One [****..]
Gold:   379        SH:  4    Dex:  8    Spells: 11/11 levels left

rFire    . . .     SeeInvis .   a - +1 battleaxe
rCold    . . .     Gourm    .   (shield currently unavailable)
rNeg     + + .     Faith    .   M - +0 plate armour {rPois}
rPois    +         Spirit   .   (helmet restricted)
rElec    .         Reflect  +   h - +0 cloak
rCorr    .         Harm     .   (no gloves)
MR       .....                  f - +2 pair of boots {run}
Stlth    ..........             B - +4 amulet of reflection
HPRegen  0.27/turn              o - +4 ring of strength
MPRegen  0.16/turn              J - +2 ring of protection

@: glowing, quick
A: retaliatory headbutt, horns 2
a: Divine Shield, Cleansing Flame, Renounce Religion


You were on level 12 of the Dungeon.
You worshipped the Shining One.
The Shining One was greatly pleased with you.
You were hungry.

You visited 2 branches of the dungeon, and saw 16 of its levels.

You collected 580 gold pieces.
You spent 201 gold pieces at shops.

Inventory:

Hand Weapons
 a - a +1 battleaxe (weapon)
 b - a +2 scimitar of flaming
Missiles
 i - 78 sling bullets
 j - 208 stones (quivered)
 n - 68 bolts
 p - 356 arrows
 y - 19 boomerangs
 L - 3 boomerangs of dispersal
Armour
 f - a +2 pair of boots of running (worn)
 g - a +2 scale mail of fire resistance
 h - a +0 cloak (worn)
 M - a +0 plate armour of poison resistance (worn)
Jewellery
 o - a +4 ring of strength (left hand)
 B - a +4 amulet of reflection (around neck)
 J - a +2 ring of protection (right hand)
Wands
 E - a wand of polymorph (9)
 I - a wand of flame (37)
 N - a wand of scattershot (5)
Scrolls
 e - 2 scrolls of fear
 l - 3 scrolls of enchant armour
 m - 6 scrolls of teleportation
 r - 4 scrolls of amnesia {unknown}
 s - 2 scrolls of noise {unknown}
 t - a scroll of summoning
 u - 4 scrolls of remove curse
 w - 4 scrolls of fog
 H - 2 scrolls of blinking
 K - a scroll of magic mapping {unknown}
Potions
 c - 3 potions of agility
 q - 4 potions of flight
 v - a potion of magic
 x - a potion of lignification
 z - a potion of invisibility
 A - 5 potions of curing
 C - 2 potions of might
 D - 4 potions of brilliance
 F - a potion of resistance
 G - 4 potions of heal wounds
Miscellaneous
 k - a lamp of fire
Comestibles
 d - 25 rations


   Skills:
 - Level 10.0 Fighting
 * Level 11.8 Axes
   Level 1.2(7.7) Maces & Flails
 - Level 10.1 Armour
 - Level 10.0 Dodging
   Level 1.2 Shields
 + Level 10.3 Invocations
 - Level 1.0 Evocations


You had 11 spell levels left.
You didn't know any spells.
Your spell library contained the following spells:

 Spells                   Type           Power        Failure   Level  Hunger
 Animate Skeleton         Necr           N/A          97%         1    ##.....
 Apportation              Tloc           #.....       97%         1    ##.....
 Confusing Touch          Hex            #.....       97%         1    ##.....
 Summon Small Mammal      Summ           #...         97%         1    ##.....
 Ice Form                 Ice/Tmut       #.......     100%        4    #####..
 Metabolic Englaciation   Hex/Ice        #.........   100%        5    ######.
 Bolt of Cold             Conj/Ice       #.........   100%        6    #######
 Freezing Cloud           Conj/Ice/Air   #.........   100%        6    #######
 Ozocubu's Refrigeration  Ice            #.........   100%        6    #######
 Simulacrum               Ice/Necr       #.........   100%        6    #######


Dungeon Overview and Level Annotations

Branches:
Dungeon (15/15)            Temple (1/1) D:6            Lair (0/6) D:8
    Orc (0/2) D:9
 Vaults: D:13-14     Depths: D:15

Altars:
Ashenzari
Cheibriados
Dithmenos
Elyvilon
Fedhas
Gozag
Hepliaklqana
Kikubaaqudgha
Makhleb
Nemelex Xobeh
Okawaru
Qazlal
Ru
Sif Muna
Trog
Uskayaw
Vehumet
Wu Jian
Xom
Yredelemnul
Zin
The Shining One

Shops:
D:4 :!   D:6 *   D:7 %*   D:13 }

Annotations:
D:7 1 runed translucent door, NeAGen181's ghost, novice TeSu
D:11 Psyche


Innate Abilities, Weirdness & Mutations

You reflexively headbutt those who attack you in melee.
You have a pair of horns on your head.


Message History

You slash the slime creature! The large slime creature hits you!!
The slime creature hits you but does no damage.
The orc priest mumbles some strange prayers to Beogh against you.
Beogh smites you! The large slime creature hits you!!
* * * LOW HITPOINT WARNING * * *
You hit the large slime creature.
The large slime creature is heavily wounded.
You slash the slime creature!
The slime creature hits you but does no damage.
The large slime creature hits you.
* * * LOW HITPOINT WARNING * * *
Things that are here:
a +0 giant spiked club; a cursed -2 giant club; a two-headed ogre corpse You see here a poisoned dart.
You see here a +0 dagger.
You block the slime creature's attack.
You see here a stone.
The orc priest mumbles some strange prayers to Beogh against you.
Beogh smites you!
You die...

... #.....[...........
.....
#.................
.....#......###+###+##+
....#......#
#########'##......#
..............(...#
...............$..##
...........%..........
.......).J(@^........ .
.....(.†oJ........... .
####..().#######.... .
#.o(..'.... ....
#)....#.... ...
......'.....#.....
......#.....# ....
....###.....# .... ...
.....## ...


You could see a large slime creature, a slime creature, an orc priest and an
orc.

Vanquished Creatures
  A centaur warrior (D:14)
  Erica (D:8)
  2 two-headed ogres
  3 death yaks (D:7)
  Nergalle (D:10)
  2 unseen horrors
  2 ugly things
  A faun (D:12)
  Maurice (D:11)
  A gargoyle (D:14)
  A centaur skeleton (D:12)
  A freezing wraith (D:14)
  3 hippogriffs
  A slime creature (D:12)
  The ghost of NeAGen181 the Caller, an amateur TeSu (D:3)
  A shadow (D:14)
  Sigmund (D:4)
  A wyvern (D:13)
  9 yaks
  3 vampire mosquitoes (D:14)
  2 hungry ghosts
  A water moccasin (D:8)
  Duvessa (D:5)
  2 porcupines (D:8)
  4 orc warriors
  3 sky beasts
  A swamp drake (D:9)
  4 ice beasts
  6 ogres
  2 black bears
  A necrophage (D:10)
  3 centaurs
  4 bullfrogs
  A big kobold (D:12)
  A wyvern skeleton (D:5)
  Dowan (D:5)
  5 scorpions
  10 killer bees
  2 wights (D:11)
  2 howler monkeys
  A crimson imp (D:10)
  A centaur zombie (D:10)
  2 quasits
  6 jellies
  7 orc priests
  2 bullfrog skeletons
  5 hounds
  3 iguanas
  12 worker ants
  2 hell rats
  9 orc wizards
  3 hound zombies
  17 adders
  4 shadow imps
  2 oozes (D:1)
  An adder skeleton (D:4)
  4 adder zombies
  5 worms
  5 leopard geckos
  53 orcs
  3 ball pythons
  9 bats
  3 giant cockroaches (D:3)
  8 goblins
  6 hobgoblins
  7 jackals
  6 quokkas
  A ball python zombie (D:5)
  5 frilled lizards
  A jackal skeleton (D:4)
  12 kobolds
  A leopard gecko skeleton (D:7)
  2 quokka skeletons (D:7)
  10 rats
311 creatures vanquished.

Vanquished Creatures (others)
  A deep elf mage (D:11)
1 creature vanquished.

Grand Total: 312 creatures vanquished

Notes
Turn   | Place    | Note
-------+----------+-------------------------------------------
     0 | D:1      | Kagalorn the Minotaur Wanderer began the quest for the Orb.
     0 | D:1      | Kagalorn set off with the following items: a +0 club, 2
                  | potions of curing, a +2 scale mail, a ration
     0 | D:1      | Reached XP level 1. HP: 16/16 MP: 0/0
   141 | D:1      | Reached XP level 2. HP: 22/24 MP: 1/1
   163 | D:1      | Reached skill level 1 in Dodging
   200 | D:1      | Found a sparkling altar of Nemelex Xobeh.
   867 | D:2      | Reached XP level 3. HP: 28/29 MP: 2/2
  1501 | D:2      | Found a faded altar of an unknown god.
  1566 | D:2      | Reached XP level 4. HP: 36/37 MP: 3/3
  2414 | D:3      | Reached XP level 5. HP: 25/45 MP: 4/4
  2624 | D:3      | Noticed an ice beast
  3040 | D:3      | Found a large runed translucent door.
  3040 | D:3      | Found a large runed translucent door.
  3067 | D:3      | Noticed NeAGen181's ghost (amateur TeSu)
  3239 | D:4      | Found an iron altar of Okawaru.
  3247 | D:4      | Found Puedom's Distillery.
  3251 | D:4      | Bought a potion of might for 56 gold pieces
  3251 | D:4      | Bought a potion of degeneration for 14 gold pieces
  3251 | D:4      | Bought a potion of brilliance for 56 gold pieces
  3460 | D:4      | Found Oxos's Book Emporium.
  4028 | D:5      | Entered Level 5 of the Dungeon
  4049 | D:5      | Reached skill level 2 in Axes
  4065 | D:5      | Reached XP level 6. HP: 52/52 MP: 5/5
  4180 | D:5      | Noticed Dowan
  4180 | D:5      | Noticed Duvessa
  4197 | D:5      | Killed Dowan
  4443 | D:6      | Reached skill level 3 in Axes
  4540 | D:6      | Found a shattered altar of Ashenzari.
  4542 | D:6      | Found a white marble altar of Elyvilon.
  4617 | D:6      | Reached XP level 7. HP: 48/60 MP: 6/6
  4708 | D:6      | Found Irawocem's General Store.
  4715 | D:6      | Reached skill level 5 in Fighting
  4720 | D:6      | Bought a potion of heal wounds for 75 gold pieces
  4773 | D:6      | Found a glowing silver altar of Zin.
  4819 | D:6      | Found a staircase to the Ecumenical Temple.
  4828 | Temple   | Entered the Ecumenical Temple
  4934 | Temple   | Became a worshipper of the Shining One
  5183 | D:5      | Reached skill level 1 in Invocations
  5233 | D:5      | Noticed Sigmund
  5268 | D:4      | Killed Sigmund
  5268 | D:4      | Reached skill level 4 in Axes
  5803 | D:3      | Killed NeAGen181's ghost
  5803 | D:3      | Reached skill level 5 in Dodging
  5803 | D:3      | Reached XP level 8. HP: 46/70 MP: 7/9
  5932 | D:5      | Identified a +2 pair of boots of running (You found it on
                  | level 5 of the Dungeon)
  6402 | D:5      | Killed Duvessa
  6473 | D:7      | Found Ilami's Food Emporium.
  6528 | D:7      | Reached skill level 5 in Axes
  6664 | D:7      | Found Oreraw's General Store.
  6786 | D:7      | Reached * piety under the Shining One
  6849 | D:7      | Reached XP level 9. HP: 64/78 MP: 11/11
  6855 | D:7      | Reached skill level 5 in Invocations
  7035 | D:7      | Found a runed translucent door.
  7037 | D:7      | Noticed NeAGen181's ghost (novice TeSu)
  7430 | D:8      | Reached skill level 6 in Axes
  7431 | D:8      | You fall into a shaft and drop 3 floors!
  7445 | D:10     | Entered Level 10 of the Dungeon
  7841 | D:10     | Found a glowing golden altar of the Shining One.
  7842 | D:10     | Reached ** piety under the Shining One
  8058 | D:8      | Noticed Erica
  8075 | D:8      | Killed Erica
  8075 | D:8      | Reached XP level 10. HP: 17/88 MP: 11/14
  8075 | D:8      | Reached skill level 7 in Axes
  8438 | D:8      | Found a shadowy altar of Dithmenos.
  8449 | D:8      | Noticed a death yak
  8450 | D:8      | Noticed a death yak
  8452 | D:8      | Noticed a death yak
  8505 | D:7      | Killed a death yak
  8505 | D:7      | Reached skill level 10 in Armour
  8542 | D:8      | Found a staircase to the Lair.
  8876 | D:8      | Noticed a two-headed ogre
  8882 | D:8      | Killed a two-headed ogre
  9137 | D:7      | Killed a death yak
  9398 | D:7      | Killed a death yak
  9398 | D:7      | Reached skill level 8 in Axes
 10165 | D:9      | Found a staircase to the Orcish Mines.
 10172 | D:9      | Reached XP level 11. HP: 66/97 MP: 16/16
 10948 | D:10     | Reached *** piety under the Shining One
 11220 | D:10     | Noticed Nergalle
 11235 | D:10     | Killed Nergalle
 11408 | D:10     | You fall into a shaft and drop 2 floors!
 11507 | D:12     | Reached skill level 9 in Axes
 11518 | D:12     | You fall into a shaft and drop 3 floors!
 11518 | D:15     | Entered Level 15 of the Dungeon
 11559 | D:15     | Noticed an unseen horror
 11562 | D:15     | Killed an unseen horror
 11753 | D:14     | Noticed a centaur warrior
 11769 | D:14     | Killed a centaur warrior
 11846 | D:14     | Reached skill level 10 in Axes
 12085 | D:14     | Reached skill level 10 in Fighting
 12091 | D:13     | Found Ulosuimp's Gadget Shop.
 12197 | D:11     | Noticed a purple ugly thing
 12205 | D:11     | Killed a purple ugly thing
 12271 | D:11     | Reached **** piety under the Shining One
 12274 | D:11     | Noticed Maurice
 12280 | D:11     | Killed Maurice
 12290 | D:11     | Noticed a red ugly thing
 12294 | D:11     | Noticed a tengu warrior
 12297 | D:11     | Reached skill level 10 in Invocations
 12297 | D:11     | Noticed a deep elf mage
 12302 | D:11     | Killed a deep elf mage
 12521 | D:12     | Reached skill level 11 in Axes
 12558 | D:12     | Noticed Nessos
 12562 | D:12     | Noticed Nessos
 12562 | D:12     | Nessos changed into Nessos the faun
 12563 | D:12     | Noticed a white ugly thing
 12575 | D:12     | Killed a white ugly thing
 12578 | D:12     | Killed Nessos the faun
 12578 | D:12     | Reached XP level 12. HP: 44/106 MP: 18/18
 12857 | D:11     | Noticed Psyche
 12894 | D:12     | Noticed a two-headed ogre
 12902 | D:12     | Killed a two-headed ogre
 12902 | D:12     | Reached skill level 10 in Dodging
 12921 | D:12     | Killed from afar by an orc priest

Levels and vault maps discovered:
D:1:      shiori_arrival_oz, layout_basic, nemelex_altar_shiori
D:2:      minmay_razor_zed, layout_basic, chequers_ecumenical_altar_island
D:3:      layout_rooms, ebering_ghost_disaster_area, minmay_cut_off
D:4:      layout_loops_ring, okawaru_metal_pillars_1_2, serial_shops, shop,
          nicolae_shop_stone, first_ration
D:5:      layout_loops_ring, uniq_duvessa, uniq_sigmund
D:6:      layout_rooms, gammafunk_temple_overflow_forgotten, temple_statues,
          minivault_23, kennysheep_small_circle
D:7:      layout_basic, gammafunk_ghost_grave, serial_shops, shop_fountains,
          shop, minmay_stone_trees_small
D:8:      layout_cave_pools, grunt_dithmenos_smoke, dpeg_lair_monsters,
          uniq_erica
D:9:      layout_layer_cave, erik_orc_1
D:10:     layout_loops_corners, basic_altar, blue_anna_alchemist
          [blue_anna_fruit_fields, blue_anna_fruit_fields], nrook_campfire,
          uniq_nergalle
D:11:     minmay_the_grid_square_5x5_4x4
          [minmay_the_grid_square_5x5_intrusive_squares,
          minmay_the_grid_square_5x5_lines, minmay_the_grid_square_5x5_comb,
          minmay_the_grid_square_5x5_mess, minmay_the_grid_square_5x5_z,
          minmay_the_grid_square_5x5_prize_snowflake,
          minmay_the_grid_square_5x5_prize_itemx,
          minmay_the_grid_square_5x5_hollow_slash,
          minmay_the_grid_square_5x5_inner_i,
          minmay_the_grid_square_5x5_prize_rear_guard,
          minmay_the_grid_square_5x5_prize_waves, minmay_the_grid_square_5x5_c,
          minmay_the_grid_square_5x5_inner_z, minmay_the_grid_square_5x5_seven,
          minmay_the_grid_square_5x5_six_small, minmay_the_grid_square_5x5_tie],
          layout_rooms, uniq_psyche, uniq_maurice, uniq_fannar
D:12:     layout_gridville, serial_shops, nicolae_shop_stone, basic_altar,
          uniq_nessos
D:13:     layout_rooms, serial_shops, shop, nicolae_shop_crystal, shop_statue,
          shop, shop, fedhas_altar_2
D:14:     layout_small_grid, lightli_vaults_fourway_checkpoint, special_room
          [special_room_orc], serial_shops, shop, sword_in_stone
D:15:     grunt_enter_depths_magical_seal, layout_basic, chequers_arboretum
Temple:   minmay_crystal_spiral_temple

Skill      XL: |  1  2  3  4  5  6  7  8  9 10 11 12 |
---------------+-------------------------------------+-----
Dodging        | 1 2 3 4 5 7 8 9 10 | 10.0
Fighting       | 2 3 4 5 6 7 9 10 | 10.0
Armour         | 7 8 9 10 | 10.1
Axes           | 2 3 4 5 6 8 11 | 11.8
Invocations    | 3 4 7 9 10 | 10.3
Maces & Flails | |  1.2
Shields        | |  1.2
Evocations     | |  1.0

Action                   |  1- 3 |  4- 6 |  7- 9 | 10-12 || total
-------------------------+-------+-------+-------+-------++-------
Melee: Unarmed           |   162 |    36 |       |       ||   198
       Headbutt          |    20 |    35 |    42 |    60 ||   157
       Spear             |       |    56 |       |       ||    56
       Hand axe          |       |   155 |    89 |       ||   244
       Flail             |       |     5 |       |       ||     5
       War axe           |       |       |   186 |    76 ||   262
       Battleaxe         |       |       |       |   244 ||   244
Throw: Stone             |       |       |       |     4 ||     4
Invok: Divine Shield     |       |       |     1 |     1 ||     2
Evoke: Wand              |       |       |       |     2 ||     2
  Use: Scroll            |       |     6 |     7 |     5 ||    18
       Potion            |       |       |     2 |     1 ||     3
  Eat: Chunk             |     2 |     5 |     6 |     4 ||    17
       Ration            |       |     1 |     2 |     4 ||     7
Armor: Scale mail        |    77 |   108 |   126 |    34 ||   345
       Plate armour      |       |       |       |   146 ||   146
Dodge: Dodged            |    60 |   143 |   151 |   175 ||   529
Block: Other             |       |     5 |    55 |    73 ||   133
       Reflection        |       |       |       |     8 ||     8
